 Dungeon Crawl Stone Soup version 0.30-a0-1050-g2766ea1e55 (webtiles) character file.

Game seed: 5859037139605165029

58 Arzdou the Insei (level 4, 0/28 HPs)
             Began as an Octopode Transmuter on Apr 10, 2023.
             Was an Initiate of Ashenzari.
             Slain by Grinder (3 damage)
             ... on level 3 of the Dungeon.
             The game lasted 00:03:12 (1837 turns).

Arzdou the Insei (Octopode Transmuter)              Turns: 1837, Time: 00:03:13

Health: 0/28       AC:  1    Str:  9    XL:     4   Next: 2%
Magic:  6/7        EV: 13    Int: 17    God:    Ashenzari [......]
Gold:   129        SH:  0    Dex: 12    Spells: 5/8 levels left

rFire   . . .      SeeInvis .      - Unarmed
rCold   . . .      Faith    .    (no shield)
rNeg    . . .      Spirit   .    (helmet currently unavailable)
rPois   .          Reflect  .    (no amulet)
rElec   .          Rampage  .    (no ring)
rCorr   .                        (no ring)
Will    .....                    (no ring)
Stlth   +++                      (no ring)
HPRegen 0.24/turn                (no ring)
MPRegen 0.10/turn                (no ring)
                                 (no ring)
                                 (no ring)

@: appendages
A: tentacle spike 3, almost no armour, amphibious, 8 rings, camouflage 1,
gelatinous body 1, (nimble swimmer 1), tentacles
a: End Transformation, Renounce Religion


You were on level 3 of the Dungeon.
You worshipped Ashenzari.
Ashenzari was noncommittal.
One of your tentacles had grown a beastly spike.
You visited 1 branch of the dungeon, and saw 3 of its levels.

You collected 129 gold pieces.

Inventory:

Scrolls
 c - a scroll of immolation {unknown}
Potions
 a - a potion of lignification
 b - 4 potions of curing
 d - a potion of cancellation {unknown}
 e - a potion of attraction {unknown}
 f - a potion of heal wounds {unknown}


   Skills:
 + Level 1.1 Fighting
 + Level 2.2 Dodging
 + Level 1.5 Stealth
 + Level 3.9 Unarmed Combat
 + Level 2.5 Spellcasting
 + Level 2.1 Transmutations


You had 5 spell levels left.
You knew the following spells:

 Your Spells              Type           Power      Damage    Failure   Level
a - Beastly Appendage     Tmut           18%        N/A       8%          1
b - Wereblood             Tmut           9%         N/A       12%         2

Your spell library contained the following spells:

 Spells                   Type           Power      Damage    Failure   Level
 Spider Form              Tmut/Pois      5%         N/A       34%         3
 Ice Form                 Ice/Tmut       5%         N/A       75%         4


Dungeon Overview and Level Annotations

Branches:
Dungeon (3/15)

Altars:
Ashenzari

Shops:
D:3 (

Annotations:
D:3 Grinder


Innate Abilities, Weirdness & Mutations

One of your tentacles has grown a beastly spike.
You cannot wear most types of armour.
You are amphibious.
You can wear up to eight rings at the same time.
Your skin changes colour to match your surroundings (Stealth+).
Your rubbery body absorbs attacks. (AC +1, EV +1)
((You are camouflaged when in or above water. (Stealth+)))
You have tentacles for arms and can constrict up to eight enemies at once.


Message History

You hear a zap.
Some rock shatters into small pieces.
Grinder zaps a wand.
Some rock shatters into small pieces.
There is a stone staircase leading up here.
Grinder blinks!
Grinder zaps a wand.
Some rock shatters into small pieces.
One of your tentacles grows a vicious spike.
Grinder barely misses you.
You tentacle-slap Grinder. Your grab misses Grinder.
Your tentacle spike misses Grinder.
Grinder is lightly wounded.
Grinder hits you!
You writhe in agony.
You barely miss Grinder. You grab Grinder.
You pierce Grinder.
You squeeze Grinder.
Grinder is moderately wounded.
You constrict Grinder, but do no damage.
Grinder hits you!
* * * LOW HITPOINT WARNING * * *
You barely miss Grinder.
You pierce Grinder, but do no damage.
Grinder is moderately wounded.
You constrict Grinder. Grinder gestures at you.
You resist with significant effort.
You tentacle-slap Grinder.
Grinder is heavily wounded.
You constrict Grinder, but do no damage.
Grinder hits you.
* * * LOW HITPOINT WARNING * * *
You tentacle-slap Grinder.
Grinder is heavily wounded.
You constrict Grinder. Grinder closely misses you.
You tentacle-slap Grinder but do no damage.
You pierce Grinder.
You squeeze Grinder.
Grinder is severely wounded.
You constrict Grinder.
Grinder drinks a potion.
Grinder is healed!
You tentacle-slap Grinder but do no damage.
Your tentacle spike misses Grinder.
Grinder is severely wounded.
You constrict Grinder. Grinder hits you.
You die...

.# .# .####.# .
......#### ..
...$.....# ...
..$....... ....
##..........
...#∩###5..........
........@..........
...#<#.............
...................
.#.#...†<#...#.#.#.
.....#####.# #
....... #.# [#.....
#.# ....... #.#
.#..... ##


You could see Grinder.

Vanquished Creatures
  Jessica (D:2)
  An adder (D:2)
  A dart slug (D:1)
  4 bats
  2 endoplasms (D:1)
  2 goblins (D:1)
  4 hobgoblins (D:2)
  A quokka (D:2)
  2 ball pythons (D:2)
  A frilled lizard (D:2)
  2 rats (D:1)
21 creatures vanquished.

Notes
Turn   | Place    | Note
-------+----------+-------------------------------------------
     0 | D:1      | Arzdou the Octopode Transmuter began the quest for the Orb.
     0 | D:1      | Reached XP level 1. HP: 13/13 MP: 3/3
   127 | D:1      | Reached XP level 2. HP: 18/18 MP: 3/5
   152 | D:1      | Learned a level 2 spell: Wereblood
   358 | D:1      | Found a faded altar of an unknown god.
   459 | D:1      | Reached skill level 1 in Stealth
   957 | D:2      | Reached XP level 3. HP: 23/23 MP: 4/6
  1010 | D:2      | Found a broken altar of Ashenzari.
  1020 | D:2      | Became a worshipper of Ashenzari the Shackled
  1107 | D:2      | Noticed Jessica
  1115 | D:2      | Killed Jessica
  1485 | D:2      | Reached XP level 4. HP: 28/28 MP: 7/7
  1645 | D:3      | Noticed Grinder
  1648 | D:3      | Found Daugg's Weapon Shoppe.
  1657 | D:3      | Paralysed by Grinder for 2 turns
  1815 | D:3      | Paralysed by Grinder for 3 turns
  1837 | D:3      | Slain by Grinder

Illustrated notes

Levels and vault maps discovered:
D:1:      roderic_dead_forest, layout_basic,
          shapermc_ecumenical_altar_mp_vishouse
D:2:      layout_basic, basic_altar, chequers_hall_statues_corner_a,
          uniq_jessica
D:3:      layout_basic, serial_shops, shop_statue, uniq_grinder,
          uniq_crazy_yiuf_cottage

Skill      XL: |  1  2 |
---------------+-------+-----
Stealth        | 1 |  1.5
Fighting       | |  1.1
Dodging        | |  2.2
Unarmed Combat | |  3.9
Spellcasting   | |  2.5
Transmutations | |  2.1

Action                     |  1- 3 |  4- 6 || total
---------------------------+-------+-------++-------
  Melee: Unarmed           |    40 |    13 ||    53
         Kick              |     9 |     3 ||    12
         Constrict         |     9 |     4 ||    13
         Tentacles         |     8 |     3 ||    11
   Cast: Beastly Appendage |     6 |     3 ||     9
         Wereblood         |       |     1 ||     1
   Stab: Sleeping          |     3 |       ||     3
 Armour: Skin              |     2 |     3 ||     5
  Dodge: Dodged            |    21 |    11 ||    32

Table legend: (Time is in decaauts)
 A = Elapsed time spent in this place.
 B = Non-inter-level travel time spent in this place.
 C = Inter-level travel time spent in this place.
 D = Time resting spent in this place.
 E = Time spent auto-exploring this place.
 F = Levels seen in this place.
 G = Mean time per level.
                   A        B        C        D        E       F      G
               +--------+--------+--------+--------+--------+-----+--------+
         Total |   1835 |   1755 |     80 |      0 |   1549 |   3 |  611.7 |
       Dungeon |   1835 |   1755 |     80 |      0 |   1549 |   3 |  611.7 |
               +--------+--------+--------+--------+--------+-----+--------+

Top non-repeatable levels by time:
     D:2: 1012 daAuts
     D:1: 776 daAuts
     D:3: 46 daAuts
